 Dungeon Sprint DCSS version 0.31-a0-662-g684573625c (webtiles) character file.

Game seed: 14812250940310309255

13021 dialectric the Tortoise (level 12, -4/121 HPs)
             Began as a Gargoyle Fighter on Sept 1, 2023.
             Was a High Priest of Trog.
             Slain by a storm dragon (5 damage)
             ... in the Dungeon (Sprint II: "The Violet Keep of Menkaure").
             The game lasted 00:10:17 (1274 turns).

dialectric the Tortoise (Gargoyle Fighter)          Turns: 1274, Time: 00:10:18

Health: -4/121     AC: 30    Str: 22    XL:     12   Next: 1%
Magic:  0/21       EV: 11    Int: 10    God:    Trog [*****.]
Gold:   1128       SH:  0    Dex: 11    Spells: 11/11 levels left

rFire   + . .        A - +5 dire flail (drain)
rCold   . . .        (shield currently unavailable)
rNeg    + . .        d - +3 chain mail {rF+}
rPois   ∞            (no helmet)
rElec   +            (no cloak)
rCorr   .            (no gloves)
SInv    .            i - +0 pair of boots
Will    .....        j - amulet of guardian spirit Stlth
                     q - ring of flight
HPRegen 0.40/turn    x - ring of magical power
MPRegen 0.17/turn

%: no teleportation, guardian spirit
@: berserking, flying, very quick
A: sickness immunity, AC +8, negative energy resistance 1, electricity
resistance, torment resistance 1, petrification resistance, iridescent scales 1,
deterioration 1, frail 1, inability to read after injury 1
a: Renounce Religion, Berserk, Trog's Hand, Brothers in Arms


You were in the Dungeon.
You worshipped Trog.
Trog was extremely pleased with you.
You visited 1 branch You collected 1996 gold pieces.
You spent 868 gold pieces at shops.

Inventory:

Hand Weapons
 a - a +0 flail
 o - a +2 heavy great mace
 s - a +1 eveningstar
 A - a +5 dire flail of draining (weapon)
Missiles
 t - a throwing net
Armour
 b - a +0 scale mail
 c - a +0 buckler
 d - a +3 chain mail of fire resistance (worn)
 i - a +0 pair of boots (worn)
Jewellery
 j - an amulet of guardian spirit (around neck)
 q - a ring of flight (left hand)
 x - a ring of magical power (right hand)
 y - a +6 ring of intelligence
Scrolls
 f - a scroll of torment {unknown}
 r - a scroll of poison {unknown}
 B - a scroll of vulnerability {unknown}
Potions
 e - a potion of curing
 g - 2 potions of haste
 h - 5 potions of magic
 k - a potion of mutation {unknown}
 l - 11 potions of enlightenment
 m - a potion of might
 n - 2 potions of heal wounds
 p - 3 potions of resistance {unknown}
 u - a potion of lignification {unknown}
 v - a potion of brilliance {unknown}
 z - a potion of attraction {unknown}


   Skills:
 + Level 17.2 Fighting
 - Level 17.3 Maces & Flails
 + Level 18.4 Armour
 + Level 6.1 Dodging
 - Level 5.2 Shields


You had 11 spell levels left.
You didn't know any spells.
Your spell library was empty.

Dungeon Overview and Level Annotations

Branches:
Dungeon (1/1)

Altars:
Cheibriados
Dithmenos
Elyvilon
Fedhas
Gozag
Hepliaklqana
Kikubaaqudgha
Makhleb
Nemelex Xobeh
Okawaru
Qazlal
Ru
Sif Muna
Trog
Uskayaw
Vehumet
Wu Jian
Xom
Yredelemnul
Zin
The Shining One
Jiyva
Lugonu

Shops:
D ??([:*?=!*[*:[:=![!!(?[!([?

Annotations:
D exclusions: ice statue and oklob plant


Innate Abilities, Weirdness & Mutations

You are immune to sickness and miasma.
Your stone body is resilient. (AC +8)
You are immune to poison.
You resist negative energy. (rN+)
You are resistant to electric shocks. (rElec)
You are resistant to unholy torment.
You are immune to petrification.
You are partially covered in iridescent scales. (AC +2)
Your body sometimes deteriorates upon taking damage.
You are frail. (-10% HP)
You occasionally lose the ability to read scrolls when taking damage.


Message History

The storm dragon is lightly wounded.
Something hits you but does no damage.
You closely miss the storm dragon.
The storm dragon is lightly wounded.
The storm dragon breathes lightning at you.
The bolt of lightning misses you.
The bolt of lightning hits something!
Reactivating autopickup.
You feel a bit more experienced.
You bludgeon the storm dragon!!
The storm dragon is heavily wounded.
You puncture the bone dragon!
The bone dragon is lightly damaged.
You barely miss the bone dragon.
The bone dragon is lightly damaged.
You hit the bone dragon.
The bone dragon is lightly damaged.
You hit the bone dragon but do no damage.
The bone dragon is lightly damaged.
You hit the bone dragon but do no damage.
The bone dragon is lightly damaged.
The bone dragon bites you!
* * * LOW HITPOINT WARNING * * *
The bone dragon claws you but does no damage.
The bone dragon tramples you but does no damage.
There is an open door, spattered with blood here.
You completely miss the bone dragon.
The bone dragon is lightly damaged.
The golden dragon bites you.
* * * LOW HITPOINT WARNING * * *
The golden dragon claws you but does no damage.
The golden dragon tramples you but does no damage.
You bludgeon the bone dragon!!
The bone dragon is lightly damaged.
You hit the bone dragon.
The bone dragon is moderately damaged.
The storm dragon bites you!
* * * LOW HITPOINT WARNING * * *
The storm dragon claws you but does no damage.
The storm dragon tramples you.
You die...

###########*******
#.....eC).#,∩∩∩∩+,
#DD.2..#÷.####***,
#@######D##..####+
#D∩∩∩∩∩#.)'.##§≈§§
#∩∩∩∩∩∩#D)###≈§§§§
#########..'≈≈°○§≈
*,.e##D..####°○○§§
*$.e2...D..~##§§§§
############~~#+++#
###########~~~.....
##........#~~~~.##)


You could see a bone dragon, a golden dragon, a storm dragon (catching breath,
drained), a frost giant, a cacodemon and a deep elf high priest.

Vanquished Creatures
  Kirke (D)
  A crystal guardian (D)
  A fire dragon (D)
  A great orb of eyes (D)
  A yaktaur captain (D)
  A centaur warrior (D)
  An iron elemental (D)
  A death yak (D)
  2 hell hogs (D)
  A skeletal warrior (D)
  2 death drakes (D)
  3 shining eyes (D)
  An elephant (D)
  A kobold demonologist (D)
  An unseen horror (D)
  A yaktaur (D)
  A hornet (D)
  3 polar bears (D)
  A blink frog (D)
  4 neqoxecs (D)
  Menkaure (D)
  5 water moccasins (D)
  2 swamp drakes (D)
  5 necrophages (D)
  4 scorpions (D)
  4 lava snakes (D)
  An iron imp (D)
  3 worms (D)
54 creatures vanquished.

Vanquished Creatures (others)
  An unseen horror (D)
  8 tentacles (D)
9 creatures vanquished.

Grand Total: 63 creatures vanquished

Notes
Turn   | Place    | Note
-------+----------+-------------------------------------------
     0 | D        | dialectric the Gargoyle Fighter began the quest for the
                  | Orb.
     0 | D        | Reached XP level 1. HP: 14/14 MP: 1/1
     8 | D        | Noticed a necrophage
     8 | D        | Noticed a necrophage
     8 | D        | Noticed a necrophage
     8 | D        | Noticed a necrophage
    14 | D        | Killed a necrophage
    15 | D        | Reached skill level 5 in Fighting
    15 | D        | Reached skill level 5 in Armour
    15 | D        | Reached skill level 5 in Shields
    15 | D        | Reached XP level 2. HP: 17/21 MP: 2/2
    15 | D        | Reached XP level 3. HP: 21/26 MP: 3/3
    15 | D        | Reached XP level 4. HP: 25/31 MP: 4/4
    17 | D        | Killed a necrophage
    18 | D        | Reached skill level 6 in Armour
    18 | D        | Reached XP level 5. HP: 24/37 MP: 5/5
    20 | D        | Reached skill level 5 in Maces & Flails
    20 | D        | Reached skill level 7 in Armour
    25 | D        | Reached skill level 8 in Armour
    25 | D        | Reached XP level 6. HP: 31/44 MP: 6/6
    41 | D        | Reached skill level 9 in Armour
    48 | D        | Reached XP level 7. HP: 32/52 MP: 7/7
    53 | D        | Noticed a neqoxec
    53 | D        | Noticed a neqoxec
    56 | D        | Gained mutation: You are partially covered in iridescent
                  | scales. (AC +2) [a neqoxec]
    56 | D        | Noticed a neqoxec
    65 | D        | Killed a neqoxec
    66 | D        | Reached skill level 10 in Fighting
    70 | D        | Killed a neqoxec
    71 | D        | Reached skill level 10 in Maces & Flails
    71 | D        | Reached skill level 10 in Armour
    74 | D        | Gained mutation: You are frail. (-10% HP) [a neqoxec]
    78 | D        | Killed a neqoxec
    79 | D        | Reached XP level 8. HP: 14/51 MP: 8/8
    82 | D        | Gained mutation: Your body sometimes deteriorates upon
                  | taking damage. [a neqoxec]
    86 | D        | Noticed Menkaure
    97 | D        | Killed Menkaure
   119 | D        | Found Nunapli's Antique Armour Shoppe.
   119 | D        | Found Cogopali's Magic Scroll Emporium.
   120 | D        | Found Larig's Distillery.
   120 | D        | Found Lothiupp's Weapon Shoppe.
   121 | D        | Found Zutac's Magic Scroll Shoppe.
   121 | D        | Found Veug's Armour Emporium.
   122 | D        | Found Ceotinna's Distillery.
   123 | D        | Found Guoqod's Jewellery Shoppe.
   124 | D        | Found Laul Ony's General Store.
   124 | D        | Found Uragh's Book Shoppe.
   124 | D        | Noticed a cane toad
   124 | D        | Noticed a cane toad
   134 | D        | Found Dusurchem's Distillery.
   134 | D        | Found Luajuf's Jewellery Emporium.
   134 | D        | Noticed an oklob plant
   135 | D        | Found Xugulo Hareh's Antique Weapon Emporium.
   135 | D        | Found Ruosk's Antique Armour Shoppe.
   135 | D        | Found Heoff's Book Shoppe.
   206 | D        | Bought a scroll of blinking for 97 gold pieces
   207 | D        | Noticed a slime creature
   207 | D        | Noticed a slime creature
   210 | D        | Noticed a slime creature
   210 | D        | Noticed a flying skull
   210 | D        | Noticed a flying skull
   210 | D        | Noticed a flying skull
   220 | D        | Bought a runed chain mail for 202 gold pieces
   262 | D        | Found a blossoming altar of Fedhas.
   263 | D        | Found a white marble altar of Elyvilon.
   264 | D        | Found a shadowy altar of Dithmenos.
   264 | D        | Found a corrupted altar of Lugonu.
   264 | D        | Found an opulent altar of Gozag.
   264 | D        | Found a burning altar of Makhleb.
   265 | D        | Found a snail-covered altar of Cheibriados.
   265 | D        | Found an ancient bone altar of Kikubaaqudgha.
   265 | D        | Found a bloodstained altar of Trog.
   275 | D        | Found a viscous altar of Jiyva.
   275 | D        | Found a shimmering blue altar of Sif Muna.
   276 | D        | Found a hazy altar of Hepliaklqana.
   276 | D        | Found a sacrificial altar of Ru.
   277 | D        | Found a shimmering altar of Xom.
   278 | D        | Found a stormy altar of Qazlal.
   278 | D        | Found an ornate altar of the Wu Jian Council.
   278 | D        | Found a sparkling altar of Nemelex Xobeh.
   278 | D        | Found a hide-covered altar of Uskayaw.
   278 | D        | Found a basalt altar of Yredelemnul.
   278 | D        | Found a glowing golden altar of the Shining One.
   279 | D        | Found a radiant altar of Vehumet.
   279 | D        | Found an iron altar of Okawaru.
   279 | D        | Found a glowing silver altar of Zin.
   286 | D        | Became a worshipper of Trog the Wrathful
   300 | D        | Noticed a kraken
   431 | D        | Noticed a yaktaur
   431 | D        | Noticed a hornet
   431 | D        | Noticed a polar bear
   431 | D        | Noticed a polar bear
   431 | D        | Noticed a polar bear
   451 | D        | Noticed an ice statue
   467 | D        | Noticed a blink frog
   477 | D        | Killed a blink frog
   488 | D        | Bought a potion of curing for 36 gold pieces
   491 | D        | Bought an amulet of guardian spirit for 300 gold pieces
   526 | D        | Killed a yaktaur
   526 | D        | Reached * piety under Trog
   527 | D        | Reached skill level 11 in Armour
   527 | D        | Reached XP level 9. HP: 37/55 MP: 7/9
   551 | D        | Killed a hornet
   556 | D        | Killed a polar bear
   578 | D        | Killed a polar bear
   578 | D        | Reached ** piety under Trog
   596 | D        | Killed a polar bear
   597 | D        | Reached skill level 15 in Maces & Flails
   648 | D        | Noticed a death drake
   648 | D        | Noticed a death drake
   678 | D        | Killed a death drake
   679 | D        | Reached skill level 12 in Armour
   707 | D        | Killed a death drake
   707 | D        | Reached *** piety under Trog
   708 | D        | Reached XP level 10. HP: 29/61 MP: 10/10
   708 | D        | Noticed a crystal guardian
   729 | D        | Noticed Kirke
   729 | D        | Noticed a yaktaur captain
   729 | D        | Noticed a skeletal warrior
   730 | D        | Noticed a centaur warrior
   730 | D        | Noticed an elephant
   731 | D        | Noticed an iron elemental
   750 | D        | Killed a skeletal warrior
   751 | D        | Reached skill level 13 in Armour
   760 | D        | Killed a yaktaur captain
   774 | D        | Killed Kirke
   774 | D        | Reached **** piety under Trog
   775 | D        | Reached skill level 14 in Armour
   785 | D        | Killed a centaur warrior
   795 | D        | Noticed a great orb of eyes
   796 | D        | Noticed a deep elf master archer
   812 | D        | Killed an iron elemental
   813 | D        | Reached skill level 15 in Armour
   813 | D        | Reached XP level 11. HP: 32/71 MP: 6/11
   853 | D        | Reached ***** piety under Trog
   886 | D        | Noticed a shining eye
   886 | D        | Noticed a shining eye
   886 | D        | Noticed a hell hog
   886 | D        | Noticed a shining eye
   886 | D        | Noticed a hell hog
   890 | D        | Killed a hell hog
   890 | D        | Received a gift from Trog
   891 | D        | Reached skill level 16 in Armour
   896 | D        | Killed a hell hog
   904 | D        | Reached skill level 15 in Fighting
   913 | D        | Reached skill level 5 in Dodging
   918 | D        | Killed a shining eye
   922 | D        | Killed a shining eye
   923 | D        | Reached skill level 17 in Armour
   923 | D        | Gained mutation: You occasionally lose the ability to read
                  | scrolls when taking damage. [a shining eye]
   925 | D        | Killed a shining eye
   942 | D        | Found Komatah's Magic Scroll Emporium.
   942 | D        | Found Koemn's Assorted Antiques.
   942 | D        | Found Xorgheel's Magic Scroll Shop.
   942 | D        | Found Baciykh's Magic Scroll Shoppe.
   942 | D        | Found Buadaij's Antique Armour Boutique.
   943 | D        | Found Cosougg's General Store.
   943 | D        | Found Ijesoudi's Armour Boutique.
   943 | D        | Found Dylu's Distillery.
   943 | D        | Found Gaten's Distillery.
   943 | D        | Found Zatris's Book Emporium.
   943 | D        | Found Unoec's Antique Armour Shop.
   943 | D        | Found Izamorihir's Weapon Shoppe.
   995 | D        | Bought a potion of heal wounds for 55 gold pieces
   995 | D        | Bought a potion of heal wounds for 55 gold pieces
  1001 | D        | Bought a scroll of brand weapon for 123 gold pieces
  1045 | D        | Received a gift from Trog
  1098 | D        | Killed a crystal guardian
  1109 | D        | Noticed a death yak
  1120 | D        | Killed a death yak
  1141 | D        | Noticed a fire dragon
  1151 | D        | Killed a fire dragon
  1152 | D        | Reached skill level 18 in Armour
  1187 | D        | Paralysed by a great orb of eyes for 2 turns
  1196 | D        | Killed a great orb of eyes
  1196 | D        | Received a gift from Trog
  1197 | D        | Reached XP level 12. HP: 36/81 MP: 9/12
  1242 | D        | Noticed a storm dragon
  1243 | D        | Noticed a bone dragon
  1243 | D        | Noticed a cacodemon
  1244 | D        | Noticed a deep elf high priest
  1244 | D        | Noticed a golden dragon
  1245 | D        | Noticed a frost giant
  1274 | D        | HP: 1/121 [storm dragon (7)]
  1274 | D        | Slain by a storm dragon

Illustrated notes

Levels and vault maps discovered:
D:        the_violet_keep_of_menkaure [sprint2_stairs_cluster_1,
          sprint2_shoproom, sprint2_temple, sprint2_basic_supplies,
          sprint2_obstacle_2, sprint2_obstacle_7, sprint2_obstacle_5,
          sprint2_obstacle_1, sprint2_obstacle_4, sprint2_timed_cluster_1,
          sprint2_smallroom_cluster_1, sprint2_smallroom_final_cluster_1,
          sprint2_transparent_cluster_1, sprint2_second_timed_cluster_1,
          sprint2_sniper_area_1, sprint2_heavy_combat_area_1,
          sprint2_mutation_trap_area_1, sprint2_forest_area_1,
          sprint2_light_combat_area_1, sprint2_behind_water_1,
          sprint2_near_end_vault_1]

Skill      XL: |  1  2  3  4  5  6  7  8  9 10 11 |
---------------+----------------------------------+-----
Fighting       | 5 6 8 9 10 13 17 | 17.2
Armour         | 5 6 8 9 10 11 12 15 18 | 18.4
Dodging        | 2 4 6 |  6.1
Shields        | 5 |  5.2
Maces & Flails | 4 5 8 11 13 17 | 17.3

Action                     |  1- 3 |  4- 6 |  7- 9 | 10-12 || total
---------------------------+-------+-------+-------+-------++-------
  Melee: Flail             |     5 |    29 |   154 |    40 ||   228
         Punch             |       |       |     2 |     1 ||     3
         Dire flail        |       |       |       |   136 ||   136
 Invoke: Berserk           |       |       |     1 |     6 ||     7
         Trog's Hand       |       |       |       |     2 ||     2
    Use: Potion            |     1 |       |     6 |     2 ||     9
         Scroll            |       |       |     2 |     8 ||    10
 Armour: Scale mail        |     4 |    22 |    18 |       ||    44
         Chain mail        |       |       |   113 |   204 ||   317
  Dodge: Dodged            |     1 |    10 |    56 |    44 ||   111

Table legend: (Time is in decaauts)
 A = Elapsed time spent in this place.
 B = Non-inter-level travel time spent in this place.
 C = Inter-level travel time spent in this place.
 D = Time resting spent in this place.
 E = Time spent auto-exploring this place.
 F = Levels seen in this place.
 G = Mean time per level.
                   A        B        C        D        E       F      G
               +--------+--------+--------+--------+--------+-----+--------+
         Total |   1278 |   1278 |      0 |     34 |    150 |   1 | 1278.0 |
       Dungeon |   1278 |   1278 |      0 |     34 |    150 |   1 | 1278.0 |
               +--------+--------+--------+--------+--------+-----+--------+

Top non-repeatable levels by time:
       D: 1278 daAuts
